 Dungeon Crawl Stone Soup version 0.28-a0-851-g8b9cc49659 (webtiles) character file.

Game seed: 14247023770337160256

131 horus123 the Ducker (level 4, 0/33 HPs)
             Began as a Demonspawn Gladiator on Nov 14, 2021.
             Was an Initiate of Gozag.
             Succumbed to a water moccasin's poison
             ... on level 4 of the Dungeon.
             The game lasted 00:06:22 (3818 turns).

horus123 the Ducker (Demonspawn Gladiator)          Turns: 3818, Time: 00:06:22

Health: 0/33       AC:  6    Str: 14    XL:     4   Next: 91%
Magic:  4/4        EV: 13    Int: 10    God:    Gozag
Gold:   421        SH:  0    Dex: 15    Spells: 3/3 levels left

rFire   . . .      SeeInvis .   a - +1 long sword
rCold   . . .      Faith    .   (no shield)
rNeg    . . .      Spirit   .   b - +0 leather armour
rPois   .          Reflect  .   c - +0 helmet
rElec   .          Harm     .   (no cloak)
rCorr   .          Rampage  .   (no gloves)
Will    .....                   (no boots)
Stlth   +.........              (no amulet)
HPRegen 0.11/turn               (no ring)
MPRegen 0.09/turn               (no ring)

@: mighty, lethally poisoned (0 -> -28)
A: thin metallic scales 1
a: Renounce Religion, Potion Petition, Call Merchant, Bribe Branch


You were on level 4 of the Dungeon.
You worshipped Gozag.
Gozag was aware of your devotion.
You visited 1 branch of the dungeon, and saw 4 of its levels.

You collected 421 gold pieces.

Inventory:

Hand Weapons
 a - a +1 long sword (weapon)
Missiles
 d - 3 throwing nets (quivered)
Armour
 b - a +0 leather armour (worn)
 c - a +0 helmet (worn)
Magical Staves
 g - a staff of fire
Scrolls
 e - a scroll of blinking
 f - 3 scrolls of fear
 j - a scroll of magic mapping
Potions
 h - a potion of flight {unknown}
 k - a potion of might


   Skills:
 + Level 2.1 Fighting
 + Level 3.6 Long Blades
 - Level 1.7 Throwing
 * Level 4.4 Dodging


You had 3 spell levels left.
You didn't know any spells.
Your spell library was empty.

Dungeon Overview and Level Annotations

Branches:
Dungeon (4/15)
 Temple: D:4-7

Altars:
Dithmenos
Gozag
Sif Muna
Wu Jian
Xom


Innate Abilities, Weirdness & Mutations

You are partially covered in thin metallic scales. (AC +2)


Message History

i - a scroll labelled TED APIHUCIERHUEFU
As you read the scroll labelled DUGHIRR GOGH, it crumbles to dust.
It is a scroll of enchant weapon.
Your +0 long sword glows red for a moment.
Blink to where?
Press: ? - help, Dir - move target
As you read the scroll labelled TED APIHUCIERHUEFU, it crumbles to dust.
It was a scroll of blinking.
You hear the slow hiss of a very distant avalanche of sand.
Found a falchion.
e - a scroll of blinking A water moccasin comes into view.
Found an escape hatch in the ceiling.
The water moccasin hisses angrily.
You feel very mighty all of a sudden.
You slash the water moccasin!
The water moccasin is heavily wounded.
The water moccasin barely misses you. x2
You completely miss the water moccasin.
The water moccasin is heavily wounded.
The water moccasin bites you.
You are poisoned.
The water moccasin poisons you! The water moccasin closely misses you.
You barely miss the water moccasin.
The water moccasin is heavily wounded.
You feel very sick. The water moccasin bites you.
You are lethally poisoned!
The water moccasin poisons you! The water moccasin bites you.
You are more poisoned.
The water moccasin poisons you!
You completely miss the water moccasin.
The water moccasin is heavily wounded.
* * * LOW HITPOINT WARNING * * *
You feel extremely sick.
The water moccasin completely misses you.
You barely miss the water moccasin.
The water moccasin is heavily wounded.
You die...
Your body crumbles into a pile of gold.

##.....)###...###
##.......##..###
###..........###
$ .............#
.............#
.............#
.............##
..............#
......S@....###
..<.......###
..........#
.......#...#
.....####..#
.#### #..# #..#
#..#


You could see a water moccasin.

Vanquished Creatures
  A gnoll (D:3)
  3 adders
  A worm (D:2)
  5 dart slugs
  9 ball pythons
  6 endoplasms
  2 giant cockroaches
  6 goblins
  12 hobgoblins
  11 kobolds
  2 quokkas
  6 bats
  6 frilled lizards
  8 rats
78 creatures vanquished.

Notes
Turn   | Place    | Note
-------+----------+-------------------------------------------
     0 | D:1      | horus123 the Demonspawn Gladiator began the quest for the
                  | Orb.
     0 | D:1      | Reached XP level 1. HP: 16/16 MP: 1/1
    25 | D:1      | Reached skill level 3 in Dodging
   350 | D:1      | Gained mutation: You are partially covered in thin metallic
                  | scales. (AC +2) [demonic ancestry]
   350 | D:1      | Reached XP level 2. HP: 13/22 MP: 2/2
   584 | D:1      | Found a faded altar of an unknown god.
   655 | D:1      | Prayed at the altar of an unknown god.
   655 | D:1      | Became a worshipper of Gozag Ym Sagoz the Greedy
   732 | D:1      | Reached XP level 3. HP: 24/27 MP: 3/3
   908 | D:1      | Reached skill level 4 in Dodging
  1808 | D:2      | Reached XP level 4. HP: 33/33 MP: 4/4
  2127 | D:3      | Found an ornate altar of the Wu Jian Council.
  3204 | D:3      | Found a shimmering blue altar of Sif Muna.
  3370 | D:3      | Found a shimmering altar of Xom.
  3370 | D:3      | Found a shadowy altar of Dithmenos.
  3810 | D:4      | Noticed a water moccasin
  3818 | D:4      | Succumbed to a water moccasin's poison

Illustrated notes

Levels and vault maps discovered:
D:1:      amcnicky_arrival_underground_garden, layout_basic, serial_curves,
          eino_curves_02, eino_curves_02, ebering_ecumenical_altar_petrified,
          minmay_tripent
D:2:      layout_basic
D:3:      minmay_skewed_foursquare, layout_basic, mainiacjoe_overflow_alcove_2,
          gammafunk_temple_overflow_pools, mainiacjoe_overflow_tiny_flanked,
          nrook_mini_backslash, roderic_lattice_a
D:4:      layout_cave_pods, nicolae_ossuary_entry_plus, st_stairs_2,
          minmay_tree_intersection, uniq_edmund

Skill      XL: |  1  2  3 |
---------------+----------+-----
Dodging        | 3 4 |  4.4
Long Blades    | 3 |  3.6
Fighting       | |  2.1
Throwing       | |  1.7

Action                   |  1- 3 |  4- 6 || total
-------------------------+-------+-------++-------
Melee: Long sword        |   124 |   100 ||   224
  Use: Scroll            |     4 |     7 ||    11
       Potion            |       |     1 ||     1
 Stab: Sleeping          |     5 |     1 ||     6
Armor: Leather armour    |    41 |    35 ||    76
Dodge: Dodged            |   109 |    87 ||   196

Table legend: (Time is in decaauts)
 A = Elapsed time spent in this place.
 B = Non-inter-level travel time spent in this place.
 C = Inter-level travel time spent in this place.
 D = Time resting spent in this place.
 E = Time spent auto-exploring this place.
 F = Levels seen in this place.
 G = Mean time per level.
                   A        B        C        D        E       F      G
               +--------+--------+--------+--------+--------+-----+--------+
         Total |   3873 |   3816 |     57 |    358 |   2856 |   4 |  968.2 |
       Dungeon |   3873 |   3816 |     57 |    358 |   2856 |   4 |  968.2 |
               +--------+--------+--------+--------+--------+-----+--------+

Top non-repeatable levels by time:
     D:3: 1627 daAuts
     D:2: 1161 daAuts
     D:1: 1000 daAuts
     D:4: 84 daAuts
